Cogmind - Beta 16 @@@ ROGUE MODE // 2025.10.26 @ 11:57:31 Player: Uranium-235 Result: Destroyed by H-66 Slayer with Gauss Rifle Performance ------------- Evolutions (5) 2500 Regions Visited (12) 2400 Robots Destroyed (218) 1090 Value Destroyed (7938) 7938 Prototype IDs (46) 920 Alien Tech Used (0) 0 Bonus (4549) 4549 TOTAL SCORE: 19397 Bonus ------- Triggered High Security 500 High Alert Combat Kills 1637 Follower Combat Kills 1818 Aligned with FarCom 300 Built Enhanced Grunts 300 A7 Reached Mainframe 300 Met R17 at Cetus 500 Friendly Fire -806 Cogmind --------- Core Integrity 0/1000 Matter 68/300 Energy 66/100 System Corruption 70% Temperature Cool (0) Movement Walking (190) Ox1 Location -5/Factory Parts ------- > --- POWER (2) -------- (None) > --- PROPULSION (5) --- Enhanced Flexi-carbon Leg > --- UTILITY (7) ------ Large Storage Unit Hacking Suite > --- WEAPON (3) ------- Disruptor Cannon > --- INVENTORY (15) --- Micro Fission Core Hacking Suite Advanced System Restoration Module Tesla Rifle Disruptor Cannon KE Penetrator Remote Datajack Improved Remote Datajack Peak State ------------ > --- POWER ------------ Antimatter Reactor Antimatter Reactor > --- PROPULSION ------- Armored Treads Centrium Heavy Treads Centrium Heavy Treads > --- UTILITY ---------- Improved Cryofiber Web Advanced Heat Sink Large Storage Unit Centrium Medium Armor Plating Centrium Medium Armor Plating Improved Hacking Suite Improved Hacking Suite > --- WEAPON ----------- Neutron Cannon Neutron Cannon KE Penetrator > --- INVENTORY -------- Fission Core Neutrino Core Light Treads Enhanced Flexi-carbon Leg Enhanced Flexi-carbon Leg Improved Cryofiber Web Centrium Medium Armor Plating Force Field Wave Gun Disruptor Cannon Disruptor Cannon Improved Proton Missile Launcher Guided EMP Blaster Remote Datajack [Rating: 120] Favorites ----------- Power Antimatter Reactor Engine Ion Engine Power Core Light Nuclear Core Reactor Antimatter Reactor Propulsion Combat Airjet Treads Light Treads Leg Enhanced Flexi-carbon Leg Hover Unit Combat Airjet Utility Large Storage Unit Device Improved Cryofiber Web Storage Large Storage Unit Processor Targeting Computer Hackware Improved Hacking Suite Protection Improved Medium Armor Plating Weapon Power Maul Energy Gun Wave Gun Energy Cannon Neutron Cannon Ballistic Gun Heavy Assault Rifle Ballistic Cannon Antimatter Cannon Launcher Heavy Shock Bomb Launcher Special Weapon Remote Datajack Impact Weapon Power Maul Slashing Weapon Phasing Sabre Build | -11 -10 -10 -10 -9 -8 -7 -6 -6 -6 -6 -6 -5 ------- Run | Yrd Mat Min Exi Min Mat Fac Fac Ext Cet Arc Hub Fac Slots Evolved 10 | . . . . . 4 2 2 . . . . 2 Power 1 | . . . . . . . . . . . . 1 Propulsion 3 | . . . . . 2 1 . . . . . . Utility 5 | . . . . . 2 1 1 . . . . 1 Weapon 1 | . . . . . . . 1 . . . . . Parts Attached 177 | 7 9 4 1 1 32 20 8 22 9 3 10 51 Power 23 | 1 1 1 . . 3 3 2 3 1 . . 8 Engine 7 | 1 1 1 . . 1 1 . 1 . . . 1 Core 13 | . . . . . 2 2 2 2 . . . 5 Reactor 3 | . . . . . . . . . 1 . . 2 Propulsion 42 | 2 1 . . . 11 6 . 7 5 . 2 8 Treads 14 | 2 1 . . . 3 . . 3 2 . 1 2 Leg 12 | . . . . . 2 . . . 3 . 1 6 Wheel . | . . . . . . . . . . . . . Hover 16 | . . . . . 6 6 . 4 . . . . Flight . | . . . . . . . . . . . . . Utility 63 | 2 3 . 1 1 9 8 5 6 2 1 6 19 Device 21 | 1 . . . . 2 1 . 2 1 1 5 8 Storage 7 | 1 3 . 1 . 1 . 1 . . . . . Processor 4 | . . . . 1 3 . . . . . . . Hackware 8 | . . . . . . 3 3 . . . 1 1 Protection 23 | . . . . . 3 4 1 4 1 . . 10 Artifact . | . . . . . . . . . . . . . Weapon 49 | 2 4 3 . . 9 3 1 6 1 2 2 16 Energy Gun 9 | . . . . . 5 . . . . 1 . 3 Energy Cannon 5 | . . . . . . . . . 1 . 1 3 Ballistic Gun 13 | 2 3 2 . . 3 1 . . . 1 1 . Ballistic Cannon 4 | . . . . . . . . . . . . 4 Launcher 10 | . 1 1 . . 1 . . 2 . . . 5 Special Weapon 1 | . . . . . . . . 1 . . . . Impact Weapon 5 | . . . . . . 2 1 1 . . . 1 Slashing Weapon 2 | . . . . . . . . 2 . . . . Piercing Weapon . | . . . . . . . . . . . . . Special Melee Weapon . | . . . . . . . . . . . . . Unidentified Prototypes 13 | . . . . . 5 . . . 5 . . 3 Corrupted Parts 5 | . . . . . . . . . . . . 5 System Corruption 35 | . . . . . . . . . . . . 35 Parts Lost 75 | . . 1 . . 3 5 3 13 1 . 3 46 Power 12 | . . 1 . . . 2 . 2 . . . 7 Propulsion 20 | . . . . . 2 1 1 5 1 . . 10 Utility 29 | . . . . . 1 2 2 5 . . 2 17 Weapon 14 | . . . . . . . . 1 . . 1 12 Highest Loss Streak 18 | . . 1 . . 1 3 3 8 1 . 1 18 To Critical Strikes 5 | . . . . . . . . . 1 . . 4 Average Backups 13 | 5 12 14 14 14 14 14 14 14 14 15 14 11 Power 2 | . 2 2 3 4 3 2 1 2 3 3 3 . Propulsion 2 | 3 4 3 3 3 2 3 2 2 2 3 2 1 Utility 4 | . 1 4 4 4 4 4 6 4 3 7 5 2 Weapon 3 | 1 3 4 3 3 3 3 2 4 4 1 2 5 Tool/Special . | . . . . . . . . . . . . . Unused Backups 63 | . 11 2 1 . 10 8 4 9 6 . 3 9 Power 13 | . 2 . . . 4 1 . 2 2 . . 2 Propulsion 14 | . 4 2 1 . 1 2 1 . 1 . 1 1 Utility 13 | . . . . . 2 1 3 2 1 . 2 2 Weapon 22 | . 5 . . . 3 4 . 5 2 . . 3 Tool/Special 1 | . . . . . . . . . . . . 1 Average Slot Usage (%) 94 | . 100 93 100 100 97 99 99 97 92 86 86 84 Engine 3 | . 14 8 14 14 2 . . 3 . . . . Core 3 | . . . . . 6 6 5 2 4 . . 5 Reactor 1 | . . . . . . . . . 1 6 6 3 Treads 9 | . 28 28 28 28 7 . . 4 17 13 13 4 Leg 3 | . . . . . . . . . 3 6 6 15 Hover 14 | . . . . . 25 38 33 27 5 . . . Device 7 | . 14 14 14 1 6 1 . 5 6 6 11 11 Storage 7 | . 14 14 14 14 9 7 6 6 6 6 6 5 Processor 1 | . . . . 12 10 . . . . . . . Hackware 10 | . . . . . . 14 21 20 20 20 14 8 Protection 7 | . . . . . 8 13 11 6 6 6 6 8 Energy Gun 1 | . . . . . 5 . . . . 4 4 1 Energy Cannon 2 | . . . . . . . . . 1 6 8 6 Ballistic Gun 6 | . 27 25 28 28 12 . . . . 3 6 . Impact Weapon 5 | . . . . . . 13 20 10 5 1 . . Slashing Weapon 1 | . . . . . . . . 6 10 2 . . Peak Build Rating 120 | 7 11 12 14 15 42 56 69 73 107 107 110 120 Average Rating 60 | 5 9 11 12 14 33 54 66 67 83 105 107 87 On Entrance 46 | . 7 11 12 14 15 42 56 69 61 107 106 104 Avg Prop Armor Cover (%) 4 | . . . . . 8 . . 5 4 2 2 6 Naked Turns . | . . . . . . . . . . . . . Heaviest Build 115 | 12 32 32 32 32 41 46 53 57 61 63 68 115 Greatest Support 180 | 40 40 40 40 40 82 60 65 65 160 160 180 180 Greatest Overweight (x) 2 | . . . . . 1 . . 1 1 . . 2 Average Overweight (x) . | . . . . . . . . . . . . . Largest Inventory Capacity 15 | 8 15 15 15 15 15 15 15 15 15 15 15 15 Average Capacity 14 | 7 12 15 15 15 15 15 15 15 15 15 15 15 Most Carried 15 | 8 15 15 15 15 15 15 15 15 15 15 15 15 Average Carried 14 | 5 12 14 14 15 14 14 14 14 14 14 14 12 Final Capacity 15 | 8 15 15 15 15 15 15 15 15 15 15 15 15 Final Carried 15 | 8 15 14 15 15 15 15 15 15 15 15 15 8 Class Distribution -------------------- 35% | Hacker-Mutant 24% | Mutant 18% | Scavenger-Tank 12% | Scavenger-Mutant Dominant Class ---------------- Mutant | -10/Materials Mutant | -10/Mines Mutant | -10/Exiles Mutant | -9/Mines Scavenger-Mutant | -8/Materials Hacker-Mutant | -7/Factory Hacker-Mutant | -6/Factory Hacker-Mutant | -6/Extension Hacker-Mutant | -6/Cetus Scavenger-Tank | -6/Archives Scavenger-Tank | -6/Hub_04(d) Scavenger-Tank | -5/Factory Resources | -11 -10 -10 -10 -9 -8 -7 -6 -6 -6 -6 -6 -5 ----------- Run | Yrd Mat Min Exi Min Mat Fac Fac Ext Cet Arc Hub Fac Matter Collected 4425 | 302 290 71 . 98 655 285 124 352 179 37 305 1727 Remotely . | . . . . . . . . . . . . . Salvage Created 9015 | 151 707 50 . . 895 802 520 911 55 64 707 4153 Parts 420 | 12 40 6 . . 56 24 6 26 3 1 49 197 Haulers Intercepted 10 | . 2 . . . 2 . 2 1 . . . 3 Recyclers Shooed 12 | 1 . . . . 2 1 . . . . . 8 Parts Field Recycled . | . . . . . . . . . . . . . Retrieved Matter . | . . . . . . . . . . . . . Parts Self-Destructed . | . . . . . . . . . . . . . Prevented . | . . . . . . . . . . . . . Parts Restored . | . . . . . . . . . . . . . Kills | -11 -10 -10 -10 -9 -8 -7 -6 -6 -6 -6 -6 -5 ------- Run | Yrd Mat Min Exi Min Mat Fac Fac Ext Cet Arc Hub Fac Combat Hostiles Destroyed 156 | . 18 11 . . 15 12 5 16 . 1 11 67 Melee 26 | . . . . . . 8 2 14 . . . 2 Guns 42 | . 16 4 . . 13 1 . . . . 5 3 Cannons 30 | . . . . . . . . . . 1 4 25 AOE 43 | . 2 7 . . 2 . . . . . 2 30 Classes Destroyed 19 | 2 5 1 . . 4 1 . . . . 1 5 Worker 14 | . . . . . 1 . . . . . 2 11 Builder 21 | . . . . . 1 . 1 . . . 4 15 Tunneler 2 | 2 . . . . . . . . . . . . Hauler 10 | . 2 . . . 2 . 2 1 . . . 3 Recycler 5 | 1 . . . . 1 2 . . . . . 1 Operator 4 | . 1 . . . 1 1 . 1 . . . . Watcher 12 | . 1 . . . 2 3 1 1 1 . 2 1 Swarmer 34 | . 6 3 . . 3 1 . 6 . . . 15 Saboteur 1 | . . . . . . . . . . . . 1 Grunt 63 | . 12 . . . 7 3 3 7 . . 5 26 Brawler 2 | . . . . . . . . . . . . 2 Duelist 1 | . . . . . . . . . . . . 1 Protector 1 | . . . . . . . . . . . . 1 Sentry 17 | . . . . . 3 5 1 3 . 1 2 2 Demolisher 1 | . . . . . . . . . . . . 1 Hunter 12 | . . . . . 2 1 . . . . 1 8 Programmer 16 | . . . . . . 2 1 . . . 2 11 Heavy 1 | . . . . . . . . . . . 1 . Assembled 8 | . . 8 . . . . . . . . . . Best Kill Streak 14 | 2 4 7 . . 5 3 3 4 1 1 6 14 Combat Bots Only 8 | . 4 7 . . 3 2 3 3 . 1 2 8 Max Kills in Single Turn 7 | 2 2 4 . . 2 1 1 1 1 1 2 7 Gunslinging 1 | . . 1 . . 1 . . . . . . . Exploded 5 | . 2 4 . . 2 . . . . . 2 5 Melee 1 | . . . . . . 1 1 1 . . . 1 Uniques/NPCs Destroyed 1 | . . . . . . . . . 1 . . . Revision 17 (-6/Cetus) Combat | -11 -10 -10 -10 -9 -8 -7 -6 -6 -6 -6 -6 -5 -------- Run | Yrd Mat Min Exi Min Mat Fac Fac Ext Cet Arc Hub Fac Hostile Shots Fired 1776 | . 42 44 . . 62 202 79 297 16 16 244 774 Missed 588 | . 10 15 . . 19 74 23 118 10 4 87 228 Hits 1188 | . 32 29 . . 43 128 56 179 6 12 157 546 Melee 11 | . . . . . . . . . . . . 11 Projectile 1177 | . 32 29 . . 43 128 56 179 6 12 157 535 AOE 5 | . . . . . . . . . . . . 5 Critical Strikes 36 | . . . . . 2 3 2 2 2 1 3 21 Part Disruptions 1 | . . . . . . . . . . . . 1 Damage Taken 18183 | . 337 348 . . 658 1524 971 2192 177 264 1959 9753 Core 1955 | . 63 86 . . 12 153 151 291 . 49 140 1010 Absorbed by Shields 259 | . . . . . . . . 98 64 . . 97 Reduced by Siege Mode 106 | . . . . . . . . . . . 51 55 Redirected to Shielding 2 | . . . . . 2 . . . . . . . Ignored by Resistances 858 | . . . . . . 63 48 . . . . 747 Regen/Repaired (Parts) 1327 | . . . . . 155 195 190 . . . . 787 Core Remaining (%) 68 | 100 . . . 40 97 78 . . . . 25 . Volleys Fired 368 | 8 51 7 . . 65 4 . 3 7 8 50 165 Largest 3 | 2 2 2 . . 2 2 . 2 1 2 3 3 Hottest 261 | 40 53 60 . . 88 86 . 86 90 171 213 261 Shots Fired 797 | 16 101 14 . . 130 8 . 5 9 14 147 353 Gun 386 | 16 100 8 . . 128 8 . . . 6 75 45 Cannon 322 | . . . . . . . . . 5 8 72 237 Launcher 87 | . 1 6 . . 2 . . 4 3 . . 71 Special 2 | . . . . . . . . 1 1 . . . Kinetic 381 | 16 100 8 . . 85 5 . . . . 51 116 Thermal 275 | . . . . . 43 3 . . 5 14 96 114 Explosive 9 | . 1 6 . . 2 . . . . . . . Electromagnetic 130 | . . . . . . . . 4 3 . . 123 Robot Hit Streak 28 | 8 11 4 . . 13 5 . 2 6 5 9 28 Robot Miss Streak 7 | 1 3 2 . . 6 2 . 1 2 3 3 7 Penetration Max 1 | . . . . . . . . . . . 1 1 Secondary Targets 4 | . . 1 . . 1 . . . . . . 2 Max Gunslinging Chain 1 | . . 1 . . 1 . . . . . . 1 Shots Hit Robots 617 | 11 67 8 . . 100 45 29 59 5 9 98 186 Core Hits 348 | 4 36 12 . . 48 12 3 15 3 4 34 177 Critical Kills 4 | . . . . . . 3 1 . . . . . Critical Parts Destroyed 24 | 1 1 . . . 1 9 6 4 . . . 2 Critical Strikes 43 | 1 1 . . . 1 12 7 10 . . . 11 Burn 3 | . . . . . . . . . . . . 3 Destroy 3 | 1 1 . . . 1 . . . . . . . Blast 6 | . . . . . . . . . . . . 6 Smash 26 | . . . . . . 12 7 5 . . . 2 Sever 5 | . . . . . . . . 5 . . . . Melee Attacks 215 | . . . . . . 69 66 71 . . . 9 Impact 172 | . . . . . . 69 66 28 . . . 9 Slashing 43 | . . . . . . . . 43 . . . . Piercing . | . . . . . . . . . . . . . Sneak Attacks 11 | . . . . . . 3 4 4 . . . . Combat Hostiles 2 | . . . . . . 1 1 . . . . . Follow-up Attacks 20 | . . . . . . 2 6 12 . . . . Damage Inflicted 25636 | 126 934 601 . . 1825 2215 1607 2835 554 320 3466 11153 Guns 4575 | 126 795 94 . . 1622 88 . . . 113 1308 429 Cannons 6855 | . . . . . . . . . 80 207 1823 4745 Explosions 7649 | . 139 507 . . 203 213 . 129 474 . 335 5649 Melee 6525 | . . . . . . 1914 1607 2706 . . . 298 Ramming 32 | . . . . . . . . . . . . 32 Kinetic 5536 | 126 795 94 . . 1038 48 . . . . 912 2523 Thermal 7340 | . . . . . 584 253 . . 80 320 2554 3549 Explosive 849 | . 139 507 . . 203 . . . . . . . Electromagnetic 5354 | . . . . . . . . 129 474 . . 4751 Impact 4769 | . . . . . . 1914 1607 950 . . . 298 Slashing 1756 | . . . . . . . . 1756 . . . . Piercing . | . . . . . . . . . . . . . Highest Corruption 70 | . . . . . . 3 3 3 4 4 12 70 Average Corruption 16 | . . . . . . 2 2 3 3 4 4 42 Corruption Purged 5 | . . . . . . . . . . . . 5 Corruption Blocked . | . . . . . . . . . . . . . Effects 225 | . . . . . . 2 19 22 15 6 24 137 Message Errors 49 | . . . . . . 1 8 6 3 1 5 25 Matter Fused 48 | . . . . . . 1 2 5 3 3 4 30 Heat Flow Errors 21 | . . . . . . . . 2 . . 5 14 Energy Discharges 24 | . . . . . . . 4 4 1 . 4 11 Parts Rejected 5 | . . . . . . . . 1 . . . 4 Data Loss (minor) 23 | . . . . . . . 4 3 2 1 1 12 Data Loss (major) 7 | . . . . . . . 1 . . . 4 2 Misfires 7 | . . . . . . . . . 2 1 1 3 Alerts 7 | . . . . . . . . 1 4 . . 2 Misdirections 5 | . . . . . . . . . . . . 5 Weapon Failures 29 | . . . . . . . . . . . . 29 Overload Shots . | . . . . . . . . . . . . . Overflow Damage 2911 | . 6 28 . . . 1014 589 556 12 . 96 610 Projectiles 235 | . . . . . . 33 . . . . 96 106 Explosions 702 | . 6 28 . . . 274 . . 12 . . 382 Melee 1974 | . . . . . . 707 589 556 . . . 122 Knockbacks 33 | . . . . . . 10 5 2 . . . 16 Impact 16 | . . . . . . 9 4 2 . . . 1 Kinetic 14 | . . . . . . . . . . . . 14 Secondary 3 | . . . . . . 1 1 . . . . 1 Self-Inflicted Damage 525 | . . 6 . . . 253 . . 35 . 43 188 Shots 14 | . . 1 . . . 3 . . 1 . 1 8 Rammed 2 | . . . . . . . . . . . . 2 Targets Rammed 6 | . . . . . . . . . . . . 6 Kicked 4 | . . . . . . . . . . . . 4 Crushed . | . . . . . . . . . . . . . Highest Temperature 324 | . 9 . . . 146 27 19 211 88 81 324 318 Average Temperature 62 | . 5 . . . 54 3 10 76 41 41 89 81 Received Heat Transfer 3131 | . 144 . . . 324 219 243 498 13 54 483 1153 Siege Activations 2 | . . . . . . . . . . . 1 1 Total Turns 60 | . . . . . . . . . . . 17 43 Longest Duration 43 | . . . . . . . . . . . 17 43 Martial Activations . | . . . . . . . . . . . . . Shielding Activations . | . . . . . . . . . . . . . Robots Disrupted 1 | . . . . . . . . . 1 . . . Combat Hostiles 1 | . . . . . . . . . 1 . . . Robots Corrupted 24 | . . . . . . 6 6 3 1 . . 8 Combat Hostiles 15 | . . . . . . 3 3 2 . . . 7 Parts Fried 65 | . . . . . . 6 12 5 5 . . 37 Impact Corruptions 57 | . . . . . . 25 16 11 . . . 5 Robots Melted . | . . . . . . . . . . . . . Combat Hostiles . | . . . . . . . . . . . . . Parts Melted 13 | . . . . . 1 1 . 1 . . . 10 Heat Transferred 5040 | . . . . . 1025 174 . . . 185 805 2851 Parts Sabotaged 5 | . . . . . . . . . . . . 5 Parts Stolen . | . . . . . . . . . . . . . Parts Stripped . | . . . . . . . . . . . . . Power Chain Reactions 16 | . . . . . . . . . 1 . 2 13 Alert | -11 -10 -10 -10 -9 -8 -7 -6 -6 -6 -6 -6 -5 ------- Run | Yrd Mat Min Exi Min Mat Fac Fac Ext Cet Arc Hub Fac Maximum Alert Level 5 | . . . . . . 1 . . . . 2 5 Low Security (%) 65 | 100 100 100 . 100 100 46 100 100 100 100 20 . Level 1 16 | . . . . . . 53 . . . . 58 21 Level 2 8 | . . . . . . . . . . . 20 33 Level 3 3 | . . . . . . . . . . . . 18 Level 4 2 | . . . . . . . . . . . . 14 Level 5 . | . . . . . . . . . . . . . High Security 2 | . . . . . . . . . . . . 11 Max Security . | . . . . . . . . . . . . . Peak Influence 1870 | 10 154 85 . . 148 287 140 177 139 116 509 1870 Initial 246 | . . 48 . . . 67 140 11 85 11 16 246 Average 236 | 1 71 18 . . 55 200 30 55 56 75 286 792 Influence Increases 7472 | 15 490 112 . . 618 816 251 867 306 185 1054 2758 Destroy 0b10 Robot/C 3660 | . 360 60 . . 360 240 100 520 140 80 380 1420 Destroy 0b10 Robot/NC 385 | 15 20 . . . 45 30 20 20 10 . 60 165 Destroy Leader 766 | . 66 10 . . 118 96 34 54 . . 138 250 Allied During Kill 652 | . . . . . 11 . . 174 140 74 193 60 Successful Hack 353 | . 29 . . . 39 137 18 14 5 . 73 38 Disable Machine 525 | . . 15 . . 15 105 . 15 . 30 165 180 Anti-Garrison Action 300 | . . . . . . . . . . . . 300 Destroy Structure 441 | . 15 27 . . 15 58 19 10 11 1 45 240 Lose Combat Pursuer 390 | . . . . . 15 150 60 60 . . . 105 Influence Decreases 5642 | 15 366 215 21 . 470 677 514 738 430 168 597 1431 Entered New Map 711 | . . 76 21 . . 81 147 13 68 18 30 257 Time Decay 3647 | 15 366 131 . . 440 546 337 379 252 90 457 634 Lost Part 709 | . . 8 . . 10 50 30 111 10 . 30 460 Lost Ally 575 | . . . . . 20 . . 235 100 60 80 80 Squads Dispatched 63 | . 3 . . . 5 7 6 3 . . 9 30 Investigation 22 | . 2 . . . 4 4 2 2 . . 4 4 Extermination 12 | . . . . . . 3 2 . . . 2 5 Reinforcement 15 | . 1 . . . 1 . 2 1 . . 3 7 Assault 14 | . . . . . . . . . . . . 14 Garrison . | . . . . . . . . . . . . . Intercept . | . . . . . . . . . . . . . Searches Triggered . | . . . . . . . . . . . . . Construction Impeded 5 | . . . . . . . . . . . 1 4 Haulers Reinforced 1 | . . . . . . . . . . . . 1 Active Scanning Responses . | . . . . . . . . . . . . . Cargo Convoy Interrupts . | . . . . . . . . . . . . . Stealth | -11 -10 -10 -10 -9 -8 -7 -6 -6 -6 -6 -6 -5 --------- Run | Yrd Mat Min Exi Min Mat Fac Fac Ext Cet Arc Hub Fac Distress Signals 19 | . 2 . . . 2 3 . 3 2 . 2 5 Communications Jammed . | . . . . . . . . . . . . . Distress Signals . | . . . . . . . . . . . . . Times Spotted 307 | . 27 13 . . 32 32 17 32 10 9 28 107 Peak Tracking Total 13 | . 5 8 . . 4 5 3 6 5 2 4 13 Tactical Retreats 21 | . . 1 . . 1 6 2 4 . . . 7 Traps | -11 -10 -10 -10 -9 -8 -7 -6 -6 -6 -6 -6 -5 ------- Run | Yrd Mat Min Exi Min Mat Fac Fac Ext Cet Arc Hub Fac Traps Triggered 12 | . 1 . . . 1 . 2 . . . 2 6 Indirectly 3 | . . . . . . . . . . . . 3 Trap Hack Attempts . | . . . . . . . . . . . . . Triggered . | . . . . . . . . . . . . . Disarmed . | . . . . . . . . . . . . . Reprogrammed . | . . . . . . . . . . . . . Reused . | . . . . . . . . . . . . . Traps Extracted . | . . . . . . . . . . . . . Installed . | . . . . . . . . . . . . . Triggered . | . . . . . . . . . . . . . Machines | -11 -10 -10 -10 -9 -8 -7 -6 -6 -6 -6 -6 -5 ---------- Run | Yrd Mat Min Exi Min Mat Fac Fac Ext Cet Arc Hub Fac Machines Disabled 38 | . . 1 . . 1 7 . 2 . 2 11 14 Max in Single Turn 6 | . . 1 . . 1 6 . 1 . . 2 6 Garrison Access 4 | . . . . . 1 . 1 . . . . 2 Machines Repaired . | . . . . . . . . . . . . . Machines Dismantled . | . . . . . . . . . . . . . Machines Sabotaged . | . . . . . . . . . . . . . Overloaded Fab Kills . | . . . . . . . . . . . . . Hacking | -11 -10 -10 -10 -9 -8 -7 -6 -6 -6 -6 -6 -5 --------- Run | Yrd Mat Min Exi Min Mat Fac Fac Ext Cet Arc Hub Fac Machines Accessed 65 | . 5 . 1 . 10 13 8 9 3 1 9 6 Terminals 46 | . 5 . . . 6 9 3 9 3 . 9 2 Fabricators 7 | . . . . . . 3 2 . . . . 2 Repair Stations 5 | . . . . . 2 1 1 . . . . 1 Recycling Units . | . . . . . . . . . . . . . Scanalyzers 3 | . . . . . 1 . 1 . . . . 1 Garrison Access 2 | . . . . . 1 . 1 . . . . . Total Hacks 220 | . 23 . 1 . 42 38 20 16 4 25 35 16 Successful 138 | . 11 . 1 . 25 21 12 12 3 25 18 10 Failed 81 | . 12 . . . 16 17 8 4 1 . 17 6 Catastrophic 15 | . 1 . . . 3 5 1 1 . . 3 1 Database Lockouts 1 | . . . . . 1 . . . . . . . Manual 91 | . 18 . 1 . 18 16 5 6 1 . 22 4 Terminals 142 | . 23 . . . 25 26 8 16 4 . 35 5 Fabricators 19 | . . . . . . 10 4 . . . . 5 Repair Stations 15 | . . . . . 6 2 4 . . . . 3 Recycling Units . | . . . . . . . . . . . . . Scanalyzers 13 | . . . . . 8 . 2 . . . . 3 Garrison Access 5 | . . . . . 3 . 2 . . . . . Terminal Hacks 74 | . 6 . 1 . 8 7 2 10 3 25 11 1 Record 31 | . . . . . 1 . 1 1 2 25 . 1 Part Schematic 1 | . . . . . . 1 . . . . . . Robot Schematic 2 | . . . . . . . . 1 . . 1 . Robot Analysis 2 | . . . . . . . . . . . 2 . Prototype ID Bank 5 | . 1 . . . 1 1 . . . . 2 . Open Door 7 | . . . . . . . . 6 1 . . . Open DSF 1 | . . . . . . . 1 . . . . . Level Access Points 3 | . . . . . 1 1 . . . . 1 . Branch Access Points 6 | . 1 . . . 2 1 . 1 . . 1 . Machine Index 1 | . . . . . . . . . . . 1 . Terminal Index 1 | . . . . . . 1 . . . . . . Fabricator Index 1 | . . . . . . 1 . . . . . . Repair Station Index 1 | . . . . . . . . 1 . . . . Scanalyzer Index 2 | . . . . . 1 . . . . . 1 . Alert Level 2 | . . . . . 1 . . . . . 1 . Locate Traps 3 | . 2 . . . 1 . . . . . . . Hauler Manifests 1 | . . . . . . 1 . . . . . . Registered Components 1 | . 1 . . . . . . . . . . . Registered Prototypes 1 | . . . . . . . . . . . 1 . Zone Layout 1 | . 1 . . . . . . . . . . . Proto ID Catalog 1 | . . . 1 . . . . . . . . . Fabricator Hacks 13 | . . . . . . 6 4 . . . . 3 Load Schematic 6 | . . . . . . 3 2 . . . . 1 Build 7 | . . . . . . 3 2 . . . . 2 Repair Station Hacks 11 | . . . . . 5 2 2 . . . . 2 Scan Component 6 | . . . . . 3 1 1 . . . . 1 Repair 5 | . . . . . 2 1 1 . . . . 1 Recycling Unit Hacks . | . . . . . . . . . . . . . Scanalyzer 10 | . . . . . 6 . 1 . . . . 3 Insert Component 2 | . . . . . 1 . . . . . . 1 Analyze 5 | . . . . . 3 . . . . . . 2 Retrieve Study 3 | . . . . . 2 . 1 . . . . . Garrison Access Hacks 2 | . . . . . 1 . 1 . . . . . Seal Access 2 | . . . . . 1 . 1 . . . . . Unauthorized Hacks 28 | . 5 . . . 5 6 2 2 . . 7 1 Terminals 28 | . 5 . . . 5 6 2 2 . . 7 1 Track 1 | . 1 . . . . . . . . . . . Botnet 27 | . 4 . . . 5 6 2 2 . . 7 1 Fabricators . | . . . . . . . . . . . . . Repair Stations . | . . . . . . . . . . . . . Recycling Units . | . . . . . . . . . . . . . Scanalyzers . | . . . . . . . . . . . . . Garrison Access . | . . . . . . . . . . . . . Data Cores Recovered . | . . . . . . . . . . . . . Used . | . . . . . . . . . . . . . Hacking Detections 52 | . 5 . . . 8 12 6 5 1 . 9 6 Full Trace Events 18 | . 1 . . . 3 4 2 1 . . 4 3 Feedback Events 2 | . . . . . . . . . . . 1 1 Hackware Fried 2 | . . . . . . . . . . . 1 1 Feedback Blocked . | . . . . . . . . . . . . . Robot Schematics Acquired 2 | . . . . . . . . 1 . . 1 . Robots Built 5 | . . . . . . . . . . . . 5 Authchips . | . . . . . . . . . . . . . Time 218 | . . . . . . . . . . . . 218 Total Robot Build Rating 26 | . . . . . . . . . . . . 26 Part Schematics Acquired 2 | . . . . . 1 1 . . . . . . Parts Built 8 | . . . . . . 5 3 . . . . . Authchips . | . . . . . . . . . . . . . Time 283 | . . . . . . 189 94 . . . . . Total Part Build Rating 40 | . . . . . . 25 15 . . . . . Part Studies Acquired 3 | . . . . . 2 . 1 . . . . . Parts Repaired 5 | . . . . . 2 1 1 . . . . 1 Time 198 | . . . . . 100 22 22 . . . . 54 Parts Recycled . | . . . . . . . . . . . . . Recycled Matter . | . . . . . . . . . . . . . Retrieved Matter . | . . . . . . . . . . . . . Retrieved Components . | . . . . . . . . . . . . . Parts Scanalyzed 2 | . . . . . 1 . . . . . . 1 Part Schematics Acquired 1 | . . . . . 1 . . . . . . . Parts Damaged . | . . . . . . . . . . . . . Bothacking | -11 -10 -10 -10 -9 -8 -7 -6 -6 -6 -6 -6 -5 ------------ Run | Yrd Mat Min Exi Min Mat Fac Fac Ext Cet Arc Hub Fac Used RIF Installer . | . . . . . . . . . . . . . Robots Hacked 1 | . . . . . . . . 1 . . . . Non-combat . | . . . . . . . . . . . . . Combat 1 | . . . . . . . . 1 . . . . Robot Hacks Applied 1 | . . . . . . . . 1 . . . . parse_system 1 | . . . . . . . . 1 . . . . Relay Couplers Released 3 | . . . . . . . . . . . . 3 Machine Destruction 3 | . . . . . . . . . . . . 3 Fabnet Peak Effective % . | . . . . . . . . . . . . . Robots Rewired 19 | . . . . . . . . 18 1 . . . Allies Hacked 3 | . . . . . . . . . . . . 3 Hacks Repelled . | . . . . . . . . . . . . . Allies | -11 -10 -10 -10 -9 -8 -7 -6 -6 -6 -6 -6 -5 -------- Run | Yrd Mat Min Exi Min Mat Fac Fac Ext Cet Arc Hub Fac Total Allies 40 | . . . . 4 . . . 25 6 . . 5 Largest Group 14 | . . . . 4 4 . . 11 14 9 4 3 Highest-Rated Group 909 | . . . . 71 71 . . 459 909 557 296 90 Highest-Rated Ally 159 | . . . . 31 31 . . 159 159 143 96 32 Total Orders . | . . . . . . . . . . . . . Ally Attacks 323 | . . . . . 44 . . 111 66 27 54 21 Total Damage 8131 | . . . . . 378 . . 2800 1580 842 1748 783 Kills 46 | . . . . . 4 . . 12 8 4 12 6 Allies Corrupted . | . . . . . . . . . . . . . Allies Melted 1 | . . . . . . . . . . . 1 . Intel | -11 -10 -10 -10 -9 -8 -7 -6 -6 -6 -6 -6 -5 ------- Run | Yrd Mat Min Exi Min Mat Fac Fac Ext Cet Arc Hub Fac Active Infowar (turns) 3975 | 27 985 612 382 261 326 . . 365 515 . . 502 Optics 575 | . . . . 249 326 . . . . . . . Traps 502 | . . . . . . . . . . . . 502 Seismic 2018 | 27 985 612 382 12 . . . . . . . . Cloaking 880 | . . . . . . . . 365 515 . . . Robot Analysis Total 2 | . . . . . . . . . . . 2 . Derelict Logs Recovered 2 | . . 1 . 1 . . . . . . . . Drone Launches . | . . . . . . . . . . . . . Drone Recoveries . | . . . . . . . . . . . . . Exploration | -11 -10 -10 -10 -9 -8 -7 -6 -6 -6 -6 -6 -5 ------------- Run | Yrd Mat Min Exi Min Mat Fac Fac Ext Cet Arc Hub Fac Turns Passed 12925 | 138 985 612 382 261 1454 1578 1821 1101 703 199 1191 2500 Spaces Moved 7478 | 62 480 363 236 163 906 1124 1401 683 317 105 602 1036 Core 1 | 1 . . . . . . . . . . . . Treads 2896 | 61 480 363 236 163 151 . . 123 265 105 602 347 Legs 741 | . . . . . . . . . 52 . . 689 Wheels . | . . . . . . . . . . . . . Hover 3840 | . . . . . 755 1124 1401 560 . . . . Flight . | . . . . . . . . . . . . . Fastest Speed 50 | 50 160 160 160 160 59 53 68 59 120 160 160 120 Average Speed 112 | 158 160 160 160 160 88 65 68 85 157 160 160 158 Slowest Speed 260 | 160 160 160 160 160 187 68 68 240 240 160 163 260 Overloaded Moves . | . . . . . . . . . . . . . Propulsion Burnouts . | . . . . . . . . . . . . . Robots Hopped . | . . . . . . . . . . . . . Potential Cave-ins . | . . . . . . . . . . . . . Cave-ins Triggered . | . . . . . . . . . . . . . Exploration Rate (%) 54 | 5 84 53 61 50 60 28 29 72 87 89 52 39 Regions Visited 12 Branch Regions 7 Pre-discovered Areas . | . . . . . . . . . . . . . Known Exits Taken 5 | . 1 . . . 1 1 . 1 . . 1 . Unknown Exits Taken 7 | 1 . 1 1 1 . . 1 . 1 1 . . Scrap Searched 3 | . . 1 . 2 . . . . . . . . Spaces Dug 38 | . . . . . . 12 19 5 . . . 2 Terrain Destroyed 304 | . 13 31 . . 18 60 19 5 3 . 37 118 Melee 36 | . . . . . . 12 19 5 . . . . Projectile 99 | . . . . . 1 . . . 3 . 23 72 AOE 169 | . 13 31 . . 17 48 . . . . 14 46 Terrain Rammed . | . . . . . . . . . . . . . Walls Destroyed . | . . . . . . . . . . . . . Machines Disabled . | . . . . . . . . . . . . . Actions | -11 -10 -10 -10 -9 -8 -7 -6 -6 -6 -6 -6 -5 --------- Run | Yrd Mat Min Exi Min Mat Fac Fac Ext Cet Arc Hub Fac Total 10900 | 84 618 379 243 163 1431 1840 2162 1095 516 123 710 1536 Wait 2308 | . 41 1 . . 366 593 681 220 151 4 35 216 Move 7466 | 61 479 362 235 162 905 1123 1400 682 316 104 601 1036 Hop . | . . . . . . . . . . . . . Pick Up 156 | 8 19 2 3 . 26 18 11 21 13 2 6 27 Fast Attach 45 | 7 . . . . 6 2 1 5 1 . . 23 Attach 61 | . . 1 . . 4 6 5 10 1 . 3 31 Detach 4 | . . . . . . . . . . . . 4 Swap 120 | . 9 4 1 1 31 16 5 20 11 3 8 11 Drop 126 | . 19 2 4 . 28 18 8 14 16 2 7 8 Fire 368 | 8 51 7 . . 65 4 . 3 7 8 50 165 Melee 175 | . . . . . . 60 51 55 . . . 9 Ram . | . . . . . . . . . . . . . Kick 4 | . . . . . . . . . . . . 4 Crush 2 | . . . . . . . . . . . . 2 Escape Stasis . | . . . . . . . . . . . . . Rewire 65 | . . . . . . . . 65 . . . . Trap . | . . . . . . . . . . . . . Miscellaneous . | . . . . . . . . . . . . . Route ------- -11/Scrapyard -10/Materials (discovered 3 exits: [*Mat x2] / *Min) -10/Mines (discovered 3 exits: [*Mat] / *Exi / [*Sub]) -10/Exiles -9/Mines -8/Materials (discovered 3 exits: *Fac x3) -7/Factory (discovered 7 exits: *Fac x4 / *Sto / Low x2) -6/Factory (discovered 2 exits: *Fac / *Ext) -6/Extension (discovered 2 exits: *Fac / *Cet) -6/Cetus (discovered 2 exits: *Fac / *Arc) -6/Archives (discovered 3 exits: *Fac / *Hub x2) -6/Hub_04(d) (discovered 4 exits: *Fac x4) -5/Factory History --------- Turn | Location | Event 28 | -11/Scrapyard | Discovered new exit (range 15) 139 | -11/Scrapyard | Entered Materials 305 | -10/Materials | Build established: Mutant 442 | -10/Materials | Discovered new exit (range 12) 969 | -10/Materials | Discovered new exit (range 9) 972 | -10/Materials | Identified exit to Mines 1124 | -10/Materials | Entered Mines 1182 | -10/Mines | Deemed a non-threat by the Exiles lab entrance 1182 | -10/Mines | Discovered new exit (range 5) 1311 | -10/Mines | Assembled infested the area 1392 | -10/Mines | Destroyed 7 combat bots 1396 | -10/Mines | Found a damaged Exp. Sensor Array with a note attached 1399 | -10/Mines | Core integrity fell below 50% 1407 | -10/Mines | Discovered new exit (range 14) 1428 | -10/Mines | Discovered new exit (range 11) 1503 | -10/Mines | Found a Scrap Suit stashed away for nefarious purposes 1546 | -10/Mines | Learned Materials terminal intel 1736 | -10/Mines | Entered Exiles 1782 | -10/Exiles | Met 8R-AWN 1805 | -10/Exiles | Met EX-HEX 1862 | -10/Exiles | Met EX-BIN 1881 | -10/Exiles | Aligned with FarCom system 1883 | -10/Exiles | Given EX-Vault access code 1923 | -10/Exiles | Opened EX-Vault 1934 | -10/Exiles | Found YOLO Cannon 1967 | -10/Exiles | Warned to stay clear of 0b10 Research branches 2011 | -10/Exiles | Met EX-DEC 2099 | -10/Exiles | Discovered new exit (range 14) 2118 | -10/Exiles | Left Exiles lab with YOLO Cannon 2118 | -10/Exiles | Entered Mines 2160 | -9/Mines | Learned Materials garrison access intel 2312 | -9/Mines | Assisted by bots powering up and referring to "LRC-V3" 2357 | -9/Mines | Discovered new exit (range 9) 2368 | -9/Mines | Received a Mining Laser from a helpful Derelict 2379 | -9/Mines | Entered Materials 2379 | -8/Materials | Accompanied by 4 allies 2379 | -8/Materials | Evolved 4 slots: Propulsion x2, Utility x2 2380 | -8/Materials | Loaded intel: 12 terminal locations 2381 | -8/Materials | Loaded intel: 1 garrison access location 2463 | -8/Materials | Lost 3 allies 3007 | -8/Materials | Build established: Scavenger-Mutant 3222 | -8/Materials | Central database locked down 3354 | -8/Materials | Repaired Cmb. Airjet 3428 | -8/Materials | Identified exit to Factory 3829 | -8/Materials | Repaired Cmb. Airjet 3833 | -8/Materials | Entered Factory 3833 | -7/Factory | Evolved 2 slots: Propulsion x1, Utility x1 3951 | -7/Factory | Fabricated Cmb. Airjet (x2) 4055 | -7/Factory | Lost 3 parts (1p1n1u) 4090 | -7/Factory | Fabricated Cmb. Airjet? 4121 | -7/Factory | Identified exit to Storage 4121 | -7/Factory | Identified exit to Lower Caves 4329 | -7/Factory | Build established: Hacker-Mutant 4686 | -7/Factory | Repaired Imp. Medium Armor Plating 4815 | -7/Factory | Fabricated Imp. Hacking Suite? 5200 | -7/Factory | Identified exit to Factory 5411 | -7/Factory | Entered another Factory area 5411 | -6/Factory | Evolved 2 slots: Utility x1, Weapon x1 5478 | -6/Factory | Repaired Imp. Medium Armor Plating 5603 | -6/Factory | Identified exit to DSF 5782 | -6/Factory | Fabricated Imp. Hacking Suite? 6189 | -6/Factory | Discovered new exit (range 8) 6819 | -6/Factory | Lost 3 parts (1n2u) 6908 | -6/Factory | Discovered new exit (range 14) 7111 | -6/Factory | Fabricated Cmb. Airjet (x2) 7232 | -6/Factory | Entered Extension 7379 | -6/Extension | Lost 4 allies 7548 | -6/Extension | Rescued a captive Derelict 7840 | -6/Extension | Rescued A7 7859 | -6/Extension | Identified exit to Cetus 7906 | -6/Extension | Spotted B-75 Beast 7909 | -6/Extension | Spotted B-75 Beast 7954 | -6/Extension | Rescued a captive Derelict 7967 | -6/Extension | Lost 3 allies 7973 | -6/Extension | Lost 8 parts (1p3n3u1w) 8014 | -6/Extension | Rescued a captive Derelict 8015 | -6/Extension | Rescued a captive Derelict 8055 | -6/Extension | Core integrity fell below 50% 8155 | -6/Extension | Rescued a captive Derelict 8248 | -6/Extension | Rescued a captive Derelict 8304 | -6/Extension | Discovered new exit (range 10) 8333 | -6/Extension | Entered Cetus 8333 | -6/Cetus | Accompanied by 10 allies (A7) 8338 | -6/Cetus | Acquired a Cetus Manufacturing Module code from A7 8355 | -6/Cetus | Spotted Cetus Guard 8356 | -6/Cetus | Spotted Cetus Guard 8357 | -6/Cetus | Spotted Cetus Guard 8358 | -6/Cetus | Spotted Cetus Guard 8363 | -6/Cetus | Allies destroyed Cetus Guard 8367 | -6/Cetus | Allies destroyed Cetus Guard 8370 | -6/Cetus | Rewired Cetus Guard 8377 | -6/Cetus | Allies destroyed Cetus Guard 8462 | -6/Cetus | Escorted A7 to Cetus Mainframe 8557 | -6/Cetus | Started Cetus Manufacturing Module 8582 | -6/Cetus | Manufactured an Enhanced Grunt 8607 | -6/Cetus | Manufactured an Enhanced Grunt 8632 | -6/Cetus | Manufactured an Enhanced Grunt 8657 | -6/Cetus | Manufactured an Enhanced Grunt 8682 | -6/Cetus | Manufactured an Enhanced Grunt 8770 | -6/Cetus | Discovered new exit (range 15) 8803 | -6/Cetus | Spotted Cetus Guard 8804 | -6/Cetus | Spotted Cetus Guard 8808 | -6/Cetus | Spotted Cetus Guard 8809 | -6/Cetus | Spotted Cetus Guard 8818 | -6/Cetus | Allies destroyed Cetus Guard 8823 | -6/Cetus | Allies destroyed Cetus Guard 8827 | -6/Cetus | Allies destroyed Cetus Guard 8831 | -6/Cetus | Allies destroyed Cetus Guard 8848 | -6/Cetus | Found Prototype Device 8848 | -6/Cetus | Identified Exp. Thermal Shield 8856 | -6/Cetus | Lost 5 allies 8876 | -6/Cetus | Discovered new exit (range 15) 8882 | -6/Cetus | Met Revision 17 8887 | -6/Cetus | Murdered Revision 17 9036 | -6/Cetus | Entered Archives 9036 | -6/Archives | Accompanied by 9 allies (A7) 9041 | -6/Archives | Received a hacking code to weaken MAIN.C 9095 | -6/Archives | Unable to access archive contents 9100 | -6/Archives | Discovered new exit (range 16) 9113 | -6/Archives | Unable to access archive contents 9115 | -6/Archives | Lost 4 allies 9116 | -6/Archives | Discovered new exit (range 16) 9132 | -6/Archives | Unable to access archive contents 9135 | -6/Archives | Discovered new exit (range 15) 9235 | -6/Archives | Entered Hub_04(d) 9235 | -6/Hub_04(d) | Accompanied by 4 allies 9282 | -6/Hub_04(d) | Discovered new exit (range 7) 9425 | -6/Hub_04(d) | System Shield fried by hacking feedback 9446 | -6/Hub_04(d) | Build established: Scavenger-Tank 9656 | -6/Hub_04(d) | Identified exit to Factory 10416 | -6/Hub_04(d) | System corruption reached 10% 10426 | -6/Hub_04(d) | Entered Factory 10426 | -5/Factory | Evolved 2 slots: Power x1, Utility x1 10623 | -5/Factory | Fabricated Y-54 Guardian? 10912 | -5/Factory | Fabricated B-60 Warrior (x3) 11026 | -5/Factory | First assault squad dispatched 11112 | -5/Factory | Imp. Hacking Suite fried by hacking feedback 11166 | -5/Factory | Repaired Centrium Heavy Treads 11246 | -5/Factory | Lost 3 allies 11255 | -5/Factory | System corruption reached 10% 11320 | -5/Factory | System corruption reached 30% 11380 | -5/Factory | Lost 18 parts (3p4n7u4w) 12235 | -5/Factory | Core integrity fell below 50% 12486 | -5/Factory | Lost 3 parts (2n1u) 12494 | -5/Factory | Destroyed 8 combat bots 12567 | -5/Factory | Lost 6 parts (1n2u3w) 12651 | -5/Factory | High security lockdown imminent 12680 | -5/Factory | Lost 3 parts (1n1u1w) 12731 | -5/Factory | High security lockdown engaged 12794 | -5/Factory | Spotted B-75 Beast 12913 | -5/Factory | Core integrity fell below 20% 12926 | -5/Factory | Destroyed by H-66 Slayer with Gauss Rifle Last Messages --------------- corruption cleaned. 12917_ System corrupted: Antimatter Cannon jammed. 12919_ P-70 Sage resets B-60 Warrior, system corruption cleaned. 12919_ Penetrated by Slug. 12919_ Slug penetrates B-60 Warrior. 12919_ Penetrated by Slug. 12920_ Flexi-carbon Leg destroyed. 12920_ System corrupted by crushing effect (+1). 12920_ Knocked back. 12920_ System corrupted: Antimatter Cannon jammed. 12921_ Slug penetrates Wall. 12921_ Critical hit (Destroy). 12921_ Antimatter Cannon destroyed. 12922_ Penetrated by Slug. 12922_ Antimatter Cannon destroyed. 12922_ Penetrated by Slug. 12923_ Imp. Cooling System destroyed. Map ----- +----------------------------------------------------+ | ?????????????????????????????????????????????????? | | ?????????????????????????????????????????????????? | | ?????????????????????????????????????????????????? | | ?????????????????????????????????????????????????? | | ??????????????????????????????????? ##???????????? | | ????????????????????????????????? ???????????? | | ???????????????????????????????? ???????????? | | ?????????????????????????????????=!! ???????????? | | ?????????????????????????????????!! ???????????? | | ?????????????##/#####????????????!! ???????????? | | ??????????? ????????????? ???????????? | | ????????? ????????????? #??????????? | | ????????? [ ????????????? #??????????? | | ????????# ?????????????? #??????????? | | ? ??????# #????????????? *#??????????? | | ??????# #?????????????# #??????????? | | ??????# ! g#?????????????# #??????????? | | ???????? #?????????????# #??????????? | | """" #???? " #?????????????# #??????????? | | """" ?????? "%" #?????????????# #????####### | | """" ???????? " #?????????????# #????# | | ! ???????????? ph #?????????????# #????# """ | | ## ################;h############### ###### """ | | ! # """ | | =]= # | | = =% @ # """ | | !!!l + """ | | *%= p %=%]b # """ | | = % ip h%!== # | | % %%/ # | | ##/########/##########;######;############## | | ?????# ]??????? ???? ???????????# | | ???# ????? ??g ?????????####### | | """ """??# ???""""??# """ """ "?????????????? | | """ """??# ""?""""??# """ """ """???????????? | | """ """??# """""""??# """ """ """???????????? | | ??# """?""???# ???????????? | | #######????########??????#########?##????????????? | | ?????????????????????????????????????????????????? | | ?????????????????????????????????????????????????? | | ?????????????????????????????????????????????????? | | ?????????????????????????????????????????????????? | | ?????????????????????????????????????????????????? | | ?????????????????????????????????????????????????? | | ?????????????????????????????????????????????????? | | ?????????????????????????????????????????????????? | | ?????????????????????????????????????????????????? | | ?????????????????????????????????????????????????? | | ?????????????????????????????????????????????????? | | ?????????????????????????????????????????????????? | +----------------------------------------------------+ Best States ------------- Heat Dissipation 98 Energy Generation 37 Energy Capacity 550 Matter Stores 300 Matter Capacity 300 Sight Range 20 Terrain Scan Density 10 Cloak Strength 2 Base Temperature (-) 150 EM Shielding 2 Armor Coverage 1350 Resistance: KI 30 Resistance: TH 30 Resistance: EM 15 Core Shielding 20 Phase Shifting 5 Evasion (%) 75 Targeting Accuracy 8 Recoil Reduction 5 Particle Charging 25 Offensive Hacking 34 Defensive Hacking 10 Item Schematics ----------------- Cmb. Airjet | -8/Materials | Scanalyzed Imp. Hacking Suite | -7/Factory | Hacked Robot Schematics ------------------ D-53 Grenadier | -6/Extension | Hacked Y-54 Guardian | -6/Hub_04(d) | Hacked Fabricated ------------ Cmb. Airjet | x2 | -7/Factory Cmb. Airjet | x2 | -7/Factory Imp. Hacking Suite | x1 | -7/Factory Imp. Hacking Suite | x1 | -6/Factory Cmb. Airjet | x2 | -6/Factory Y-54 Guardian | x2 | -5/Factory B-60 Warrior | x3 | -5/Factory | Preloaded Repaired ---------- Cmb. Airjet | 35% | -8/Materials Cmb. Airjet | 45% | -8/Materials Imp. Medium Armor Plating | 18% | -7/Factory Imp. Medium Armor Plating | 20% | -6/Factory Centrium Heavy Treads | 1% | -5/Factory Studied --------- Hvy. Assault Rifle | -8/Materials | Hacked Lgt. Nuclear Core | -8/Materials | Hacked Cmb. Airjet | -6/Factory | Hacked Alien Tech Used ----------------- None Achievements -------------- Construction Begets Destruction DIY Cooler Deadly Force Ew, Corruption Fancy Inventory Immobile And Lovin' It Main Advantage My Business Is Booming Project G-00 Prolific Hacker Quick And Dirty Z1$+NX3F=JRE3_ZNQR Challenges ------------ None Game ------ Seed MultinovaEfficiencyProcessor Manual? 0 Play Time 02:58:05 Cumulative 58.7 hours Start 2025.10.26 @ 08:44:39 End 2025.10.26 @ 11:57:31 Sessions 1 Manual Loads 0 Difficulty Rogue Special Mode None Game No. 61 Rogue 61 Adventurer 0 Explorer 0 Win Type - Total 0 Types 0/0/0/0/0/0/0/0/0/0 Lore% 29 Gallery% 40 Achievement% 28 Wizard Run 0 Options --------- Layout 1 ASCII 0 Keyboard 1 Movement Numpad Keybinds 0 Fullscreen 1 Font 24/Smallcaps Map View 50x35 Zoom Use 0% Tactical HUD 1 Map Filters NONE Filters NONE Steam 1 RUN: 1de87921-c5e5-4a7e-bcb3-a5b4cec95656